TOP OF THE 1ST |
Americus Braves batting - Pitching for Amarillo ThunderHeads : RHP Brad Sanchez
|
Pitching: RHP Brad Sanchez
|
|
Batting: RHB Josh Hopp
|
0-0: Bunt missed! 0-1: Ball 1-1: Called Strike 1-2: Ball 2-2: DOUBLE (Flyball, 8LXD, EV 111.2 MPH)
|
Batting: RHB Gebre-Giorgios Wangondu
|
0-0: Ball 1-0: Called Strike 1-1: Ground out 4-3 (Groundball, 4, EV 86.9 MPH) Josh Hopp to third
|
Batting: LHB Tamaichi Sasada
|
0-0: Ball 1-0: Ball 2-0: Ball 3-0: Base on Balls
|
Batting: LHB Andres Aldape
|
0-0: Swinging Strike 0-1: Swinging Strike 0-2: 3-RUN HOME RUN (Flyball, 89XD, EV 105.6 MPH), Distance : 405 ft
|
Batting: LHB Sam Williams
|
0-0: Called Strike 0-1: Swinging Strike 0-2: Strikes out looking
|
Batting: RHB Richard Saquic
|
0-0: Swinging Strike 0-1: Called Strike 0-2: Foul Ball, location: 2F 0-2: Strikes out swinging
|
Top of the 1st over - 3 runs, 2 hits, 0 errors, 0 left on base; Americus 3 - Amarillo 0 |
BOTTOM OF THE 1ST |
Amarillo ThunderHeads batting - Pitching for Americus Braves : LHP Jose Geraldo
|
Pitching: LHP Jose Geraldo
|
|
Batting: RHB Sal Cervantes
|
0-0: Ball 1-0: SOLO HOME RUN (Flyball, 9D, EV 96.9 MPH), Distance : 371 ft
|
Batting: LHB Santino Pisanello
|
0-0: Ball 1-0: Ground out 5-3 (Groundball, 56, EV 76.9 MPH)
|
Batting: RHB Jerry Foster
|
0-0: Ball 1-0: Ball 2-0: SOLO HOME RUN (Flyball, 7D, EV 98.8 MPH), Distance : 380 ft
|
Batting: RHB Elias Sagrero
|
0-0: Foul Ball, location: 2F 0-1: TRIPLE (Flyball, 89XD, EV 95.0 MPH) Hidden ball trick at third base, runner out!
|
Batting: RHB Ron Squires
|
0-0: Ball 1-0: Called Strike 1-1: Foul Ball, location: 2F 1-2: Ball 2-2: Strikes out swinging
|
Bottom of the 1st over - 2 runs, 3 hits, 0 errors, 0 left on base; Americus 3 - Amarillo 2 |
TOP OF THE 2ND |
Americus Braves batting - Pitching for Amarillo ThunderHeads : RHP Brad Sanchez
|
Batting: RHB Rafael Reyes
|
0-0: Foul Ball, location: 2F 0-1: Ball 1-1: Called Strike 1-2: Foul Ball, location: 2F 1-2: Fly out, F5 (Line Drive, 5, EV 68.1 MPH)
|
Batting: LHB Diego Garcia
|
0-0: Ball 1-0: Foul Ball, location: 2F 1-1: Swinging Strike 1-2: Fly out, F7 (Flyball, 78S, EV 83.8 MPH)
|
Batting: RHB Rodolfo Cosme
|
0-0: Called Strike 0-1: Ball 1-1: Fly out, F9 (Flyball, 89M, EV 91.9 MPH)
|
Top of the 2nd over - 0 runs, 0 hits, 0 errors, 0 left on base; Americus 3 - Amarillo 2 |
BOTTOM OF THE 2ND |
Amarillo ThunderHeads batting - Pitching for Americus Braves : LHP Jose Geraldo
|
Batting: RHB Bill Flannery
|
0-0: Foul Ball, location: 2F 0-1: Swinging Strike 0-2: Ball 1-2: Fly out, F8 (Line Drive, 8RM, EV 103.8 MPH)
|
Batting: RHB Eric Juarez
|
0-0: Called Strike 0-1: Ball 1-1: SINGLE (Line Drive, 56D, EV 100.6 MPH)
|
Batting: RHB Eric Camillo
|
0-0: Called Strike 0-1: Foul Ball, location: 2F 0-2: Ball 1-2: Fielders Choice at 2nd, 2-4 (Groundball, 2L, EV 66.2 MPH)
|
Batting: SHB Tyler Romo
|
0-0: SINGLE (Line Drive, 34, EV 98.8 MPH) Eric Camillo to second
|
Batting: RHB Sal Cervantes
|
0-0: Ball 1-0: SINGLE (Flyball, 8LS, EV 90.6 MPH) Eric Camillo to third Tyler Romo to second
|
Batting: LHB Santino Pisanello
|
0-0: Foul Ball, location: 2F 0-1: SINGLE (Groundball, 3S, EV 69.4 MPH) (infield hit) Eric Camillo scores Tyler Romo to third Sal Cervantes to second
|
Batting: RHB Jerry Foster
|
0-0: Ball 1-0: Called Strike 1-1: Foul Ball, location: 2F 1-2: Ball 2-2: Ball 3-2: Base on Balls Tyler Romo scores Sal Cervantes to third Santino Pisanello to second
|
Batting: RHB Elias Sagrero
|
0-0: Called Strike 0-1: Ball 1-1: Ball 2-1: Ball 3-1: Base on Balls Sal Cervantes scores Santino Pisanello to third Jerry Foster to second
|
Batting: RHB Ron Squires
|
0-0: Called Strike 0-1: Ball 1-1: Fly out, F6 (Popup, P, EV 90.6 MPH)
|
Bottom of the 2nd over - 3 runs, 4 hits, 0 errors, 3 left on base; Americus 3 - Amarillo 5 |
TOP OF THE 3RD |
Americus Braves batting - Pitching for Amarillo ThunderHeads : RHP Brad Sanchez
|
Batting: RHB Josh Hopp
|
0-0: Ball 1-0: Ball 2-0: Called Strike 2-1: Ball 3-1: Base on Balls
|
Batting: RHB Gebre-Giorgios Wangondu
|
0-0: Called Strike 0-1: Foul Ball, location: 2F 0-2: Ball 1-2: Fly out, F8 (Flyball, 8RM, EV 81.9 MPH)
|
Batting: LHB Tamaichi Sasada
|
0-0: Foul Ball, location: 2F 0-1: Ball Josh Hopp steals 2nd base 1-1: Foul Ball, location: 2F 1-2: Foul Ball, location: 2F 1-2: Ball 2-2: DOUBLE (Groundball, 3L, EV 102.5 MPH) Josh Hopp scores
|
Batting: LHB Andres Aldape
|
0-0: SINGLE (Groundball, 34D, EV 96.9 MPH) Tamaichi Sasada to third
|
Batting: LHB Sam Williams
|
0-0: Called Strike 0-1: Called Strike 0-2: Foul Ball, location: 2F 0-2: Strikes out swinging
|
Batting: RHB Richard Saquic
|
0-0: Ball 1-0: Foul Ball, location: 2F 1-1: Foul Ball, location: 2F 1-2: Strikes out looking
|
Top of the 3rd over - 1 run, 2 hits, 0 errors, 2 left on base; Americus 4 - Amarillo 5 |
BOTTOM OF THE 3RD |
Amarillo ThunderHeads batting - Pitching for Americus Braves : LHP Jose Geraldo
|
Batting: RHB Bill Flannery
|
0-0: SINGLE (Line Drive, 89S, EV 105.0 MPH)
|
Batting: RHB Eric Juarez
|
0-0: Ball 1-0: Called Strike 1-1: Swinging Strike 1-2: Ball 2-2: Strikes out swinging
|
Batting: RHB Eric Camillo
|
0-0: Swinging Strike 0-1: SINGLE (Line Drive, 56D, EV 96.9 MPH) Bill Flannery to second
|
Batting: SHB Tyler Romo
|
0-0: Fielders Choice at 2nd, 1-6 (Groundball, 13S, EV 68.1 MPH) Bill Flannery to third
|
Batting: RHB Sal Cervantes
|
0-0: Ball 1-0: Called Strike 1-1: Ball 2-1: Foul Ball, location: 2F 2-2: 3-RUN HOME RUN (Flyball, 9D, EV 99.4 MPH), Distance : 367 ft
|
Pitching: RHP Javy Hernandez
|
|
Batting: LHB Santino Pisanello
|
0-0: SINGLE (Line Drive, 6MD, EV 108.1 MPH)
|
Batting: RHB Jerry Foster
|
0-0: Called Strike Santino Pisanello steals 2nd, throwing error, E2 Santino Pisanello to third 0-1: Called Strike 0-2: Ball Wild Pitch! Santino Pisanello scores 1-2: Foul Ball, location: 2F 1-2: Strikes out looking
|
Bottom of the 3rd over - 4 runs, 4 hits, 1 error, 0 left on base; Americus 4 - Amarillo 9 |
TOP OF THE 4TH |
Americus Braves batting - Pitching for Amarillo ThunderHeads : RHP Brad Sanchez
|
Batting: RHB Rafael Reyes
|
0-0: Called Strike 0-1: Ground out 3-1 (Groundball, 34, EV 88.8 MPH)
|
Batting: LHB Diego Garcia
|
0-0: Called Strike 0-1: Ball 1-1: Ball 2-1: Ball 3-1: Base on Balls
|
Batting: RHB Rodolfo Cosme
|
Pickoff Throw to First - Out! 1-3 0-0: Ball 1-0: Ground out 5-3 (Groundball, 56S, EV 65.0 MPH)
|
Top of the 4th over - 0 runs, 0 hits, 0 errors, 0 left on base; Americus 4 - Amarillo 9 |
BOTTOM OF THE 4TH |
Amarillo ThunderHeads batting - Pitching for Americus Braves : RHP Javy Hernandez
|
Batting: RHB Elias Sagrero
|
0-0: Ball 1-0: Called Strike 1-1: Foul Ball, location: 2F 1-2: Hit by Pitch
|
Batting: RHB Ron Squires
|
0-0: Swinging Strike 0-1: Swinging Strike 0-2: Foul Ball, location: 2F 0-2: Ball 1-2: Foul Ball, location: 2F 1-2: Strikes out swinging
|
Batting: RHB Bill Flannery
|
0-0: Ball 1-0: Ball 2-0: Called Strike Elias Sagrero is caught stealing 2nd base 2-4 2-1: Ground out U3 (Groundball, 3S, EV 63.8 MPH)
|
Bottom of the 4th over - 0 runs, 0 hits, 0 errors, 0 left on base; Americus 4 - Amarillo 9 |
TOP OF THE 5TH |
Americus Braves batting - Pitching for Amarillo ThunderHeads : RHP Brad Sanchez
|
Batting: RHB Josh Hopp
|
0-0: Ball 1-0: Ball 2-0: TRIPLE (Flyball, 9LD, EV 97.5 MPH)
|
Batting: RHB Gebre-Giorgios Wangondu
|
0-0: Ball 1-0: Ball 2-0: Ball 3-0: Fly out, F2 (Popup, 23F, EV 86.2 MPH)
|
Batting: LHB Tamaichi Sasada
|
0-0: Foul Ball, location: 2F 0-1: Ball 1-1: Swinging Strike 1-2: Strikes out swinging
|
Batting: LHB Andres Aldape
|
0-0: Called Strike 0-1: Swinging Strike 0-2: Foul Ball, location: 2F 0-2: DOUBLE (Line Drive, 8RXD, EV 101.9 MPH) Josh Hopp scores
|
Batting: LHB Sam Williams
|
0-0: Called Strike 0-1: Ball 1-1: Foul Ball, location: 2F 1-2: Strikes out looking
|
Top of the 5th over - 1 run, 2 hits, 0 errors, 1 left on base; Americus 5 - Amarillo 9 |
BOTTOM OF THE 5TH |
Amarillo ThunderHeads batting - Pitching for Americus Braves : RHP Javy Hernandez
|
Batting: RHB Eric Juarez
|
0-0: Ball 1-0: Reached on error, E3 (Groundball, 34S, EV 84.4 MPH)
|
Batting: RHB Eric Camillo
|
0-0: Called Strike 0-1: Grounds into double play, 5-4-3 (Groundball, 5, EV 81.2 MPH)
|
Batting: SHB Tyler Romo
|
0-0: Ball 1-0: Called Strike 1-1: Called Strike 1-2: Fly out, F9 (Flyball, 9D, EV 94.4 MPH)
|
Bottom of the 5th over - 0 runs, 0 hits, 1 error, 0 left on base; Americus 5 - Amarillo 9 |
TOP OF THE 6TH |
Americus Braves batting - Pitching for Amarillo ThunderHeads : RHP Brad Sanchez
|
Batting: RHB Richard Saquic
|
0-0: Fly out, F2 (Popup, 15S, EV 91.9 MPH)
|
Batting: RHB Rafael Reyes
|
0-0: Called Strike 0-1: Foul Ball, location: 2F 0-2: Ball 1-2: Strikes out looking
|
Batting: LHB Diego Garcia
|
0-0: Fly out, F7 (Flyball, 78M, EV 84.4 MPH)
|
Top of the 6th over - 0 runs, 0 hits, 0 errors, 0 left on base; Americus 5 - Amarillo 9 |
BOTTOM OF THE 6TH |
Amarillo ThunderHeads batting - Pitching for Americus Braves : RHP Javy Hernandez
|
Batting: RHB Sal Cervantes
|
0-0: Ball 1-0: Ball 2-0: Fly out, F4 (Popup, 34, EV 73.1 MPH)
|
Batting: LHB Santino Pisanello
|
0-0: Foul Ball, location: 2F 0-1: Ball 1-1: Ball 2-1: Ground out 4-3 (Groundball, 4, EV 83.8 MPH)
|
Batting: RHB Jerry Foster
|
0-0: Called Strike 0-1: Called Strike 0-2: Ball 1-2: DOUBLE (Groundball, 5L, EV 108.8 MPH)
|
Batting: RHB Elias Sagrero
|
0-0: Ball 1-0: Foul Ball, location: 2F 1-1: Ball 2-1: Foul Ball, location: 2F 2-2: SINGLE (Groundball, 6MD, EV 101.9 MPH) Jerry Foster to third Runner from 3rd tries for Home, SAFE, throw by CF to home
|
Pitching: RHP Andrew Hodges
|
|
Batting: RHB Ron Squires
|
0-0: Ball Elias Sagrero is caught stealing 2nd base 2-4
|
Bottom of the 6th over - 1 run, 2 hits, 0 errors, 0 left on base; Americus 5 - Amarillo 10 |
TOP OF THE 7TH |
Americus Braves batting - Pitching for Amarillo ThunderHeads : RHP Brad Sanchez
|
Batting: RHB Rodolfo Cosme
|
0-0: Ball 1-0: Called Strike 1-1: Ball 2-1: Foul Ball, location: 2F 2-2: Strikes out swinging
|
Batting: RHB Josh Hopp
|
0-0: Called Strike 0-1: SINGLE (Line Drive, 7LM, EV 100.0 MPH)
|
Batting: RHB Gebre-Giorgios Wangondu
|
0-0: Called Strike Josh Hopp steals 2nd base 0-1: Called Strike 0-2: Ball Passed Ball! Josh Hopp to third 1-2: Ball 2-2: Ball 3-2: Ground out 4-3 (Groundball, 4, EV 84.4 MPH) Josh Hopp scores
|
Batting: LHB Tamaichi Sasada
|
0-0: DOUBLE (Flyball, 8RXD, EV 101.9 MPH)
|
Pitching: RHP Javier Carrasco
|
|
Batting: LHB Andres Aldape
|
0-0: Ground out 3-1 (Groundball, 34, EV 84.4 MPH)
|
Top of the 7th over - 1 run, 2 hits, 0 errors, 1 left on base; Americus 6 - Amarillo 10 |
BOTTOM OF THE 7TH |
Amarillo ThunderHeads batting - Pitching for Americus Braves : RHP Andrew Hodges
|
Batting: RHB Ron Squires
|
0-0: Ball 1-0: Called Strike 1-1: Ball 2-1: Foul Ball, location: 2F 2-2: SINGLE (Groundball, 4D, EV 98.1 MPH)
|
Batting: RHB Bill Flannery
|
0-0: Called Strike Ron Squires steals 2nd base (no throw) 0-1: Swinging Strike 0-2: Ball 1-2: Ball 2-2: SINGLE (Line Drive, 4M, EV 104.4 MPH) Ron Squires to third Runner from 3rd tries for Home, SAFE, throw by CF to home
|
Batting: RHB Eric Juarez
|
0-0: Called Strike Bill Flannery steals 2nd base 0-1: Foul Ball, location: 2F 0-2: Strikes out swinging
|
Batting: RHB Eric Camillo
|
0-0: Ball 1-0: Fly out, F2 (Popup, 23F, EV 80.6 MPH)
|
Batting: SHB Tyler Romo
|
0-0: Ball 1-0: Ball 2-0: Foul Ball, location: 2F 2-1: Swinging Strike 2-2: Reached on error, E6 (Groundball, 6, EV 101.2 MPH) Bill Flannery to third
|
Batting: RHB Sal Cervantes
|
0-0: Called Strike Tyler Romo steals 2nd base 0-1: Ground out U3 (Groundball, 34S, EV 91.2 MPH)
|
Bottom of the 7th over - 1 run, 2 hits, 1 error, 2 left on base; Americus 6 - Amarillo 11 |
TOP OF THE 8TH |
Americus Braves batting - Pitching for Amarillo ThunderHeads : RHP Javier Carrasco
|
Batting: LHB Sam Williams
|
0-0: Ball 1-0: Ball 2-0: Foul Ball, location: 2F 2-1: Foul Ball, location: 2F 2-2: Foul Ball, location: 2F 2-2: Foul Ball, location: 2F 2-2: Strikes out swinging
|
Batting: RHB Richard Saquic
|
0-0: Fly out, F8 (Flyball, 8RD, EV 103.8 MPH)
|
Batting: RHB Rafael Reyes
|
0-0: Foul Ball, location: 2F 0-1: Ball 1-1: Fly out, F7 (Flyball, 7S, EV 78.1 MPH)
|
Top of the 8th over - 0 runs, 0 hits, 0 errors, 0 left on base; Americus 6 - Amarillo 11 |
BOTTOM OF THE 8TH |
Amarillo ThunderHeads batting - Pitching for Americus Braves : RHP Andrew Hodges
|
Batting: LHB Santino Pisanello
|
0-0: Called Strike 0-1: SOLO HOME RUN (Flyball, 9D, EV 96.9 MPH), Distance : 359 ft
|
Batting: RHB Jerry Foster
|
0-0: Called Strike 0-1: DOUBLE (Line Drive, 89M, EV 107.5 MPH)
|
Batting: RHB Elias Sagrero
|
0-0: Foul Ball, location: 2F 0-1: Swinging Strike 0-2: Ball 1-2: Ball 2-2: Strikes out looking
|
Pitching: RHP Walt Bunney
|
|
Batting: RHB Ron Squires
|
0-0: Called Strike 0-1: Swinging Strike 0-2: Ball 1-2: Strikes out swinging
|
Batting: RHB Bill Flannery
|
0-0: Ball 1-0: Ball 2-0: Ball 3-0: Base on Balls
|
Batting: RHB Eric Juarez
|
0-0: Called Strike 0-1: Ball 1-1: Ball 2-1: Ball 3-1: Foul Ball, location: 2F 3-2: Strikes out looking
|
Bottom of the 8th over - 1 run, 2 hits, 0 errors, 2 left on base; Americus 6 - Amarillo 12 |
TOP OF THE 9TH |
Americus Braves batting - Pitching for Amarillo ThunderHeads : RHP Javier Carrasco
|
Batting: LHB Diego Garcia
|
0-0: Called Strike 0-1: Called Strike 0-2: Foul Ball, location: 2F 0-2: Strikes out swinging
|
Pinch Hitting: RHB Dave Pizarro
|
0-0: Foul Ball, location: 2F 0-1: Swinging Strike 0-2: Ball 1-2: Ball 2-2: Fly out, F8 (Line Drive, 8RM, EV 96.2 MPH)
|
Batting: RHB Josh Hopp
|
0-0: Called Strike 0-1: DOUBLE (Groundball, 5L, EV 108.1 MPH)
|
Batting: RHB Gebre-Giorgios Wangondu
|
0-0: SINGLE (Line Drive, 78S, EV 102.5 MPH) Josh Hopp to third
|
Batting: LHB Tamaichi Sasada
|
0-0: Called Strike 0-1: Ball 1-1: Fly out, F8 (Line Drive, 8RM, EV 96.2 MPH)
|
Top of the 9th over - 0 runs, 2 hits, 0 errors, 2 left on base; Americus 6 - Amarillo 12 |
|